 Dungeon Crawl Stone Soup version 0.25-a0-665-ga69d640 (webtiles) character file.

Game seed: 5090979654293788540, levelgen mode: deterministic

285 AGayBaby the Chopper (level 6, -2/55 HPs)
             Began as a Hill Orc Fighter on Mar 27, 2020.
             Was an Initiate of Trog.
             Slain by a mummy (14 damage)
             ... in an ossuary.
             The game lasted 00:08:02 (3140 turns).

AGayBaby the Chopper (Hill Orc Fighter)             Turns: 3140, Time: 00:08:03

Health: -2/55      AC:  7    Str: 21    XL:     6   Next: 29%
Magic:  6/6        EV:  7    Int:  8    God:    Trog [......]
Gold:   94         SH:  9    Dex: 10    Spells: 5/5 levels left

rFire    . . .     SeeInvis .   a - +0 war axe
rCold    . . .     Gourm    .   c - +0 kite shield
rNeg     . . .     Faith    .   b - +0 scale mail
rPois    .         Spirit   .   (no helmet)
rElec    .         Reflect  .   (no cloak)
rCorr    .         Harm     .   (no gloves)
MR       .....                  (no boots)
Stlth    ..........             (no amulet)
HPRegen  0.18/turn              (no ring)
MPRegen  0.10/turn              (no ring)

@: no status effects
A: no striking features
a: Renounce Religion


You were in an ossuary.
You worshipped Trog.
Trog was noncommittal.
You were hungry.

You visited 1 branch of the dungeon, and saw 4 of its levels.
You also visited: Ossuary.

You collected 94 gold pieces.

Inventory:

Hand Weapons
 a - a +0 war axe (weapon)
 i - a +1 mace of venom
Armour
 b - a +0 scale mail (worn)
 c - a +0 kite shield (worn)
 q - a scarf of repulsion
Scrolls
 e - 2 scrolls of identify {unknown}
 g - 2 scrolls of enchant armour {unknown}
 m - 3 scrolls of remove curse {unknown}
 n - a scroll of noise {unknown}
 o - a scroll of fog {unknown}
 p - a scroll of random uselessness {unknown}
Potions
 d - a potion of might
 f - a potion of berserk rage {unknown}
 h - a potion of mutation {unknown}
 j - 2 potions of heal wounds {unknown}
 k - a potion of haste {unknown}
 l - 2 potions of degeneration {unknown}


   Skills:
 + Level 4.9 Fighting
 * Level 5.7 Axes
 + Level 4.4 Armour
 + Level 4.4 Shields


You had 5 spell levels left.
You didn't know any spells.
Your spell library was empty.

Dungeon Overview and Level Annotations

Branches:
Dungeon (4/15)            Ossuary (1/1)
 Temple: D:4-7

Altars:
Ashenzari
Elyvilon
Gozag
Makhleb
Trog


Message History

The mummy is heavily damaged.
You hit the mummy. You block the mummy's attack.
The mummy hits you but does no damage.
You hit the mummy.
The mummy is heavily damaged.
You slash the mummy! The mummy hits you! The mummy hits you but does no damage.
You barely miss the mummy.
The mummy is heavily damaged.
You barely miss the mummy. The mummy hits you!
* * * LOW HITPOINT WARNING * * *
You slash the mummy!
You destroy the mummy!
Trog accepts your kill.
You hit the mummy. You block the mummy's attack.
The centaur zombie hits you but does no damage.
You barely miss the mummy.
The mummy is severely damaged.
You slash the centaur zombie! You block the centaur zombie's attack.
The mummy hits you!
You die...

####≈##'##'##+#
#≈P..#...#
##≈≈≈#.∩.#
##...#..∩#
#≈##.#####+#
≈≈#P≈≈≈≈.ZZ..
######Z#####'#
+Z# ###@# #.'M#
###.# '.. ##'#'
#.#.# ### #


You could see a mummy, a worker ant zombie and a centaur zombie.

Vanquished Creatures
  An ogre (D:2)
  An iguana (D:2)
  5 mummies (Ossuary)
  An adder (D:2)
  A worm (D:2)
  2 dart slugs
  3 leopard geckos
  8 bats
  2 giant cockroaches
  8 goblins
  6 hobgoblins
  3 jackals
  8 kobolds
  A quokka (D:2)
  4 frilled lizards
  A quokka zombie (Ossuary)
  8 rats
63 creatures vanquished.

Notes
Turn   | Place    | Note
-------+----------+-------------------------------------------
     0 | D:1      | AGayBaby the Hill Orc Fighter began the quest for the Orb.
     0 | D:1      | Reached XP level 1. HP: 19/19 MP: 1/1
    66 | D:1      | Reached skill level 3 in Axes
   129 | D:2      | Reached XP level 2. HP: 5/27 MP: 2/2
   607 | D:1      | Reached XP level 3. HP: 24/33 MP: 3/3
  1650 | D:2      | Found a shattered altar of Ashenzari.
  1662 | D:2      | Found a burning altar of Makhleb.
  1662 | D:2      | Found a white marble altar of Elyvilon.
  1669 | D:2      | Found an opulent altar of Gozag.
  1671 | D:2      | Found a bloodstained altar of Trog.
  1672 | D:2      | Noticed an ogre
  1702 | D:1      | Reached skill level 4 in Axes
  1810 | D:2      | Reached XP level 4. HP: 7/40 MP: 4/4
  2217 | D:2      | Killed an ogre
  2217 | D:2      | Reached skill level 5 in Axes
  2217 | D:2      | Reached XP level 5. HP: 16/47 MP: 5/5
  2218 | D:2      | Became a worshipper of Trog the Wrathful
  2686 | D:2      | Found a bloodstained altar of Trog.
  3032 | D:4      | Found a sand-covered staircase.
  3053 | Ossuary  | Entered an ossuary
  3069 | Ossuary  | Reached XP level 6. HP: 28/53 MP: 6/6
  3140 | Ossuary  | Slain by a mummy

Levels and vault maps discovered:
D:1:      minmay_arrival_up_and_down, layout_basic
D:2:      layout_basic, grunt_temple_overflow_open, trog_book
D:3:      layout_rooms
D:4:      minmay_chambers_of_threes, layout_gridville, first_ration,
          nicolae_ossuary_entry_false_entrances
Ossuary:  ossuary_zaba_flooded

Skill      XL: |  1  2  3  4 |
---------------+-------------+-----
Axes           | 3 4 5 |  5.7
Fighting       | 4 |  4.9
Armour         | 4 |  4.4
Shields        | 4 |  4.4

Action                   |  1- 3 |  4- 6 || total
-------------------------+-------+-------++-------
Melee: War axe           |   138 |    72 ||   210
  Eat: Ration            |     1 |     1 ||     2
Armor: Scale mail        |    92 |    25 ||   117
Dodge: Dodged            |    68 |     7 ||    75
Block: Kite shield       |   133 |    29 ||   162

Table legend:
 A = Non-vault XP
 B = Vault XP
 C = Vault XP percentage of total XP
 D = Non-vault monster count
 E = Vault monster count
 F = Vault count percentage of total count
                 A         B        C        D         E       F
            +---------+---------+-------+---------+---------+-------
      Total |     277 |     131 |  32.1 |      57 |       6 |   9.5
            +---------+---------+-------+---------+---------+-------
        D:1 |      50 |       0 |   0.0 |      29 |       0 |   0.0
        D:2 |     209 |       0 |   0.0 |      20 |       0 |   0.0
        D:3 |      17 |       0 |   0.0 |       7 |       0 |   0.0
        D:4 |       1 |       0 |   0.0 |       1 |       0 |   0.0
    Ossuary |       0 |     131 | 100.0 |       0 |       6 | 100.0
            +---------+---------+-------+---------+---------+-------
